Map: Honorgrounds LE

Players

Railgan - Winner!

  • Race: Zerg Zerg
  • League: Grandmaster
  • Spawn Location: 5:00

avilo

  • Race: Terran Terran
  • League: Grandmaster
  • Spawn Location: 7:00

VOD

Have the link to the VOD?

Description

Time

  • Played on: April 15, 2017, 3:04 p.m.
  • Length: 6:08
Show
View Real Time Build Order
Export as new Build Order

Railgan Zerg - Winner!

Build Orders: Hatch First 

Get SALT Encoding   

  12  0:01  Drone  
  13  0:13  Overlord  
  13  0:19  Drone  
  14  0:31  Drone x2  
  16  0:36  Drone  
  17  0:53  Hatchery  
  17  0:56  Drone  
  17  0:59  Drone  
  18  1:10  Extractor  
  17  1:14  Spawning Pool  
  17  1:18  Drone  
  17  1:21  Drone  
  18  1:29  Drone  
  19  1:40  Overlord  
  19  1:50  Drone  
  21  2:01  Drone  
  21  2:02  Queen  
  21  2:05  Queen  
  21  2:06  Zergling x2  
  26  2:12  Drone  
  27  2:16  Drone  
  27  2:18  Metabolic Boost  
  28  2:26  Drone  
  28  2:30  Drone  
  28  2:34  Drone  
  29  2:37  Queen  
  29  2:38  Drone  
  29  2:42  Queen  
  34  2:48  Overlord  
  34  2:54  Drone  
  34  2:56  Evolution Chamber  
  34  3:01  Drone  
  34  3:04  Overlord  
  35  3:11  Drone x2  
  37  3:14  Drone x3  
  40  3:20  Drone  
  40  3:21  Drone x2  
  40  3:23  Zergling x2  
  44  3:29  Zerg Ground Armor Level 1  
  44  3:32  Drone  
  45  3:37  Queen  
  47  3:42  Overlord  
  47  3:48  Zergling x8  
  48  3:53  Pneumatized Carapace  
  48  3:54  Overlord  
  51  3:56  Zergling x2  
  51  4:00  Zergling x2  
  51  4:01  Zergling x4  
  55  4:03  Zergling x2  
  55  4:06  Zergling x2  
  55  4:09  Zergling x2  
  58  4:13  Baneling Nest  
  58  4:16  Queen  
  59  4:19  Zergling x4  
  59  4:23  Drone x2  
  63  4:25  Spore Crawler  
  63  4:31  Drone x2  
  63  4:36  Spore Crawler, Zergling x6  
  63  4:43  Zergling x4  
  65  4:50  Zergling x4  
  67  5:00  Overlord x2  
  67  5:09  Baneling  
  67  5:10  Baneling x2  
  67  5:13  Hatchery  
  64  5:15  Zergling x2  
  64  5:16  Zergling x8  
  64  5:18  Baneling  
  66  5:24  Zergling x2  
  66  5:29  Zergling x2  
  66  5:30  Zergling x8  
  61  5:44  Zergling x8  
Show
View Real Time Build Order
Export as new Build Order

avilo Terran 

Build Orders: Reaper Expand, Hellion Banshee 

Get SALT Encoding   

  12  0:00  SCV  
  13  0:12  SCV  
  14  0:18  Supply Depot  
  14  0:25  SCV  
  15  0:39  SCV  
  15  0:41  Barracks  
  16  0:46  Refinery  
  16  0:51  SCV  
  17  1:03  SCV  
  18  1:16  SCV  
  19  1:29  Orbital Command, Reaper  
  20  1:42  Command Center  
  20  1:52  Supply Depot  
  20  1:55  SCV  
  20  2:00  Marine  
  22  2:07  SCV  
  23  2:11  Factory  
  23  2:18  Refinery  
  23  2:19  SCV  
  24  2:24  Barracks Reactor  
  24  2:31  SCV  
  25  2:45  SCV  
  26  2:54  Orbital Command  
  26  2:57  Starport  
  26  3:03  SCV  
  26  3:04  Hellion  
  31  3:06  Hellion  
  31  3:09  Barracks Tech Lab  
  31  3:15  SCV  
  32  3:21  Supply Depot  
  32  3:25  SCV, Hellion  
  35  3:27  SCV  
  35  3:30  Hellion  
  38  3:38  SCV  
  38  3:39  SCV  
  40  3:50  SCV  
  40  3:51  SCV, Banshee, Cloaking Field  
  45  3:56  Supply Depot, Hellion  
  45  4:02  SCV  
  48  4:03  SCV  
  49  4:14  SCV, Command Center  
  49  4:15  SCV  
  51  4:19  Refinery  
  51  4:21  Refinery  
  51  4:26  SCV  
  51  4:28  SCV  
  49  4:33  Hellion  
  49  4:34  Hellion  
  49  4:37  Banshee  
  49  4:38  SCV  
  50  4:40  SCV  
  51  4:50  SCV, Starport, Barracks Reactor  
  51  4:52  SCV  
  53  4:53  Starport  
  53  4:55  Hellion  
  53  4:58  Hellion  
  57  5:03  Supply Depot  
  57  5:04  SCV  
  57  5:05  SCV  
  59  5:16  Hellion  
  61  5:24  Hellion  
  49  5:39  SCV x2  
Tags
 
Add a new tag
Caveats
  • Supply blocks, unpowered buildings, or Contaminate may cause inaccurate times.
  • Supply counts are checked every 10 seconds.